 Dungeon Crawl Stone Soup version 0.31-a0-210-gccc998df9b (webtiles) character file.

Game seed: 5702844592634137104

187 Dittersdorf the Covered (level 5, 0/34 HPs)
             Began as a Gargoyle Fighter on June 29, 2023.
             Slain by Duvessa
             ... wielding a +2 rapier of venom
              (6 damage)
             ... on level 4 of the Dungeon.
             The game lasted 00:02:43 (2733 turns).

Dittersdorf the Covered (Gargoyle Fighter)          Turns: 2733, Time: 00:02:44

Health: 0/34       AC: 17    Str: 21    XL:     5   Next: 66%
Magic:  5/5        EV:  9    Int:  9    God:
Gold:   227        SH:  4    Dex:  9    Spells: 4/4 levels left

rFire   . . .        a - +0 flail
rCold   . . .        c - +0 buckler
rNeg    + . .        p - +4 scale mail
rPois   ∞            o - +0 helmet
rElec   +            m - +0 cloak
rCorr   .            (no gloves)
SInv    .            (no boots)
Will    .....        (no amulet) Stlth
                     (no ring)
HPRegen 0.25/turn    (no ring)
MPRegen 0.09/turn

%: no passive effects
@: mighty
A: sickness immunity, AC +4, negative energy resistance 1, electricity
resistance, torment resistance 1, petrification resistance
a: no special abilities


You were on level 4 of the Dungeon.
You visited 1 branch of the dungeon, and saw 4 of its levels.

You collected 227 gold pieces.

Inventory:

Hand Weapons
 a - a +0 flail (weapon)
Missiles
 b - a throwing net
Armour
 c - a +0 buckler (worn)
 m - a +0 cloak (worn)
 o - a +0 helmet (worn)
 p - a +4 scale mail (worn)
Wands
 n - a wand of flame (31)
Scrolls
 f - 4 scrolls of identify {unknown}
 g - 3 scrolls of poison {unknown}
 h - a scroll of blinking {unknown}
 i - a scroll of fog {unknown}
 k - a scroll of immolation {unknown}
 l - 3 scrolls of amnesia {unknown}
 q - a scroll of silence {unknown}
 t - a scroll of noise {unknown}
Potions
 d - a potion of might
 e - a potion of heal wounds {unknown}
 j - 2 potions of brilliance {unknown}
 r - a potion of mutation {unknown}
 s - a potion of ambrosia {unknown}


   Skills:
 + Level 4.3 Fighting
 + Level 3.2 Maces & Flails
 + Level 4.4 Armour
 + Level 4.3 Shields


You had 4 spell levels left.
You didn't know any spells.
Your spell library contained the following spells:

 Spells                   Type           Power      Damage    Failure   Level
 Summon Small Mammal      Summ           0%         N/A       78%         1
 Call Canine Familiar     Summ           0%         N/A       98%         3
 Summon Guardian Golem    Hex/Summ       0%         N/A       98%         3


Dungeon Overview and Level Annotations

Branches:
Dungeon (4/15)
 Temple: D:4-7

Altars:

Annotations:
D:4 Dowan, Duvessa


Innate Abilities, Weirdness & Mutations

You are immune to sickness and miasma.
Your stone body is resilient. (AC +4)
You are immune to poison.
You resist negative energy. (rN+)
You are resistant to electric shocks. (rElec)
You are resistant to unholy torment.
You are immune to petrification.


Message History

The giant cockroach bites you but does no damage. x2
You barely miss the giant cockroach. The giant cockroach barely misses you.
You barely miss the giant cockroach.
You are no longer glowing.
The giant cockroach bites you but does no damage.
Dowan casts a spell.
Dowan blinks!
The giant cockroach bites you but does no damage.
You hit the giant cockroach.
The giant cockroach is almost dead.
The giant cockroach closely misses you.
Dowan gestures wildly while chanting.
Dowan blinks!
You barely miss the giant cockroach.
The giant cockroach is almost dead.
The giant cockroach bites you but does no damage. x2
You hit the giant cockroach.
The giant cockroach is almost dead.
The giant cockroach completely misses you.
Dowan says, "Stay away from my face!"
You hit the giant cockroach.
You kill the giant cockroach!
Dowan says, "Stay away from my face!"
You feel very mighty all of a sudden.
Duvessa says, "My weaknesses are his strengths!"
Duvessa hits you with a +2 rapier of venom.
* * * LOW HITPOINT WARNING * * *
You closely miss Duvessa.
Duvessa is heavily wounded.
Duvessa hits you with a +2 rapier of venom.
* * * LOW HITPOINT WARNING * * *
You sock Duvessa!
Duvessa is severely wounded.
Dowan barely misses you. Duvessa hits you but does no damage.
You hit Duvessa.
Duvessa is almost dead.
Dowan closely misses you. Duvessa hits you but does no damage.
You block Dowan's attack.
Duvessa hits you with a +2 rapier of venom.
You die...

..................# #.##.......
#.................####.##.......
.....$.(..........##....#.......
...#....#####..##....#####.##
#........e.# ##.......###...#
##..##...#.## ####....#...### ##
#####..# #....#.###
##.#######....#.#
#..e@e......[#.#
############.#.# #...# #####


You could see Duvessa and Dowan.

Vanquished Creatures
  Ijyb (D:4)
  Terence (D:2)
  A sleepcap (D:4)
  Robin (D:2)
  3 adders
  2 worms (D:2)
  A dart slug (D:3)
  An orc (D:3)
  4 endoplasms
  4 giant cockroaches
  11 goblins
  7 hobgoblins
  3 jackals (D:1)
  2 quokkas
  5 ball pythons
  5 bats
  2 frilled lizards (D:1)
  8 kobolds
62 creatures vanquished.

Notes
Turn   | Place    | Note
-------+----------+-------------------------------------------
     0 | D:1      | Dittersdorf the Gargoyle Fighter began the quest for the
                  | Orb.
     0 | D:1      | Reached XP level 1. HP: 14/14 MP: 1/1
    70 | D:1      | Found a faded altar of an unknown god.
    87 | D:1      | Reached XP level 2. HP: 15/19 MP: 2/2
   595 | D:1      | Reached XP level 3. HP: 23/23 MP: 3/3
   739 | D:2      | Noticed Robin
   770 | D:2      | Killed Robin
   882 | D:2      | Noticed Terence
   894 | D:2      | Killed Terence
   895 | D:2      | Reached XP level 4. HP: 12/29 MP: 4/4
  1461 | D:2      | Identified the +0 short sword "Nepeu" {protect, rPois Int+7
                  | Dex-5}
  1895 | D:3      | Reached XP level 5. HP: 31/33 MP: 5/5
  2505 | D:4      | Noticed Ijyb
  2576 | D:4      | Killed Ijyb
  2696 | D:4      | Noticed Duvessa
  2699 | D:4      | Noticed Dowan
  2733 | D:4      | Slain by Duvessa

Illustrated notes

Levels and vault maps discovered:
D:1:      dpeg_arrival_windows_large_door, layout_basic,
          ebering_ecumenical_altar_sacrificial, minmay_misc_feat_five,
          minivault_5
D:2:      layout_loops_ring, uniq_terence, uniq_robin
D:3:      layout_loops_corners
D:4:      layout_rooms, minmay_ruined_shrine, uniq_crazy_yiuf_cottage,
          uniq_edmund, uniq_ijyb, uniq_duvessa

Skill      XL: |  1  2  3  4 |
---------------+-------------+-----
Armour         | 4 |  4.4
Shields        | 4 |  4.3
Fighting       | 4 |  4.3
Maces & Flails | 3 |  3.2

Action                     |  1- 3 |  4- 6 || total
---------------------------+-------+-------++-------
  Melee: Flail             |   125 |   129 ||   254
         Unarmed           |       |    19 ||    19
    Use: Potion            |       |     1 ||     1
 Armour: Scale mail        |    75 |    87 ||   162
         Skin              |       |     3 ||     3
  Dodge: Dodged            |    53 |    90 ||   143
  Block: Buckler           |    34 |    34 ||    68

Table legend: (Time is in decaauts)
 A = Elapsed time spent in this place.
 B = Non-inter-level travel time spent in this place.
 C = Inter-level travel time spent in this place.
 D = Time resting spent in this place.
 E = Time spent auto-exploring this place.
 F = Levels seen in this place.
 G = Mean time per level.
                   A        B        C        D        E       F      G
               +--------+--------+--------+--------+--------+-----+--------+
         Total |   2807 |   2634 |    173 |    119 |   1899 |   4 |  701.8 |
       Dungeon |   2807 |   2634 |    173 |    119 |   1899 |   4 |  701.8 |
               +--------+--------+--------+--------+--------+-----+--------+

Top non-repeatable levels by time:
     D:2: 934 daAuts
     D:3: 903 daAuts
     D:1: 755 daAuts
     D:4: 213 daAuts
